 Dungeon Crawl Stone Soup version 0.29-a0-330-g52719c12eb (webtiles) character file.

Game seed: 1804518951958933523

27498 HoaS the Sharpshooter (level 13, -1/89 (113) HPs)
             Began as a Minotaur Hunter on May 20, 2022.
             Was the Champion of Okawaru.
             Slain by a spectral orc knight
             ... wielding a +0 dire flail
             ... summoned by Nergalle
              (4 damage)
             ... on level 3 of the Lair of Beasts.
             The game lasted 00:36:56 (13067 turns).

HoaS the Sharpshooter (Minotaur Hunter)            Turns: 13067, Time: 00:36:57

HP:   -1/89 (113)   AC: 23    Str: 17    XL:     13   Next: 4%
MP:   19/19         EV: 20    Int:  6    God:    Okawaru [******]
Gold: 1699          SH:  0    Dex: 24    Spells: 12/12 levels left

rFire   . . .      SeeInvis .   a - +7 hand crossbow (vorpal)
rCold   . . .      Faith    .   (no shield)
rNeg    . . .      Spirit   .   H - +1 acid dragon scales
rPois   .          Reflect  .   y - +2 hat
rElec   .          Harm     .   P - +1 cloak
rCorr   +          Rampage  .   j - +1 pair of gloves
Will    .....                   h - +1 pair of boots
Stlth   ++........              z - amulet of regeneration
HPRegen 1.04/turn               g - +6 ring of dexterity
MPRegen 0.16/turn               f - +4 ring of protection

@: hasted, heavily drained, very quick
A: horns 2, retaliatory headbutt
a: Renounce Religion, Heroism, Finesse, Duel


You were on level 3 of the Lair of Beasts.
You worshipped Okawaru.
Okawaru was exalted by your worship.
You visited 3 branches of the dungeon, and saw 15 of its levels.

You collected 2044 gold pieces.
You spent 345 gold pieces at shops.

Inventory:

Hand Weapons
 a - a +7 vorpal hand crossbow (weapon)
 i - the +6 arbalest "Damnation" {damnation}
   (Okawaru gifted it to you on level 3 of the Lair of Beasts)

   Any ammunition fired from it explodes in a burst of damnation on striking a
   foe, dealing damage which bypasses armour.
 A - the +5 triple crossbow "Vasol" {flame, rC- Int+5 Stlth+}
   (You bought it in a shop on level 6 of the Dungeon)

   Any ammunition fired from it burns those it strikes, dealing additional fire
   damage.
   Int:       It affects your intelligence (+5).
   rC:        It makes you vulnerable to cold.
   Stlth:     It makes you more stealthy.
Missiles
 o - 2 throwing nets
Armour
 h - a +1 pair of boots (worn)
 j - a +1 pair of gloves (worn)
 y - a +2 hat (worn)
 H - +1 acid dragon scales (worn)
 P - a +1 cloak (worn)
Jewellery
 f - a +4 ring of protection (right hand)
 g - a +6 ring of dexterity (left hand)
 p - a ring of see invisible
 z - an amulet of regeneration (around neck)
 C - a +6 ring of dexterity
 I - a ring of ice
Wands
 w - a wand of flame (45)
 D - a wand of acid (2)
 G - a wand of mindburst (16)
 O - a wand of digging (6)
Scrolls
 b - a scroll of fear
 c - 5 scrolls of immolation
 e - 12 scrolls of teleportation
 x - 2 scrolls of magic mapping
 J - a scroll of silence
 K - a scroll of holy word
 M - a scroll of fog
 N - 2 scrolls of enchant weapon
Potions
 d - 2 potions of resistance
 k - 4 potions of curing
 l - 2 potions of ambrosia
 n - 2 potions of cancellation {unknown}
 q - 2 potions of brilliance {unknown}
 r - 2 potions of attraction {unknown}
 s - a potion of berserk rage {unknown}
 t - 5 potions of haste
 v - 2 potions of mutation {unknown}
 B - a potion of lignification {unknown}
 E - 2 potions of invisibility {unknown}
 F - 5 potions of flight


   Skills:
 - Level 10.0 Fighting
 + Level 15.6 Crossbows
 - Level 10.0 Armour
 - Level 10.0 Dodging
 - Level 0.7 Stealth
 - Level 10.0 Invocations


You had 12 spell levels left.
You didn't know any spells.
Your spell library contained the following spells:

 Spells                   Type           Power      Damage    Failure   Level
 Apportation              Tloc           0%         N/A       54%         1
 Beastly Appendage        Tmut           0%         N/A       54%         1
 Shock                    Conj/Air       0%         1d3       54%         1
 Ensorcelled Hibernation  Hex/Ice        0%         N/A       67%         2
 Wereblood                Tmut           0%         N/A       67%         2
 Conjure Flame            Conj/Fire      0%         6-21      88%         3
 Gell's Gravitas          Tloc           0%         N/A       88%         3
 Ignite Poison            Fire/Tmut/Pois 0%         N/A       88%         3
 Spider Form              Tmut/Pois      0%         N/A       88%         3
 Swiftness                Air            0%         N/A       88%         3
 Teleport Other           Tloc           0%         N/A       88%         3
 Airstrike                Air            0%         N/A       99%         4
 Anguish                  Hex/Necr       0%         N/A       99%         4
 Sticky Flame             Conj/Fire      0%         2d3       99%         4
 Alistair's Intoxication  Tmut/Pois      0%         N/A       100%        5
 Dispersal                Tloc           0%         N/A       100%        6
 Eringya's Noxious Bog    Tmut/Pois      0%         N/A       100%        6
 Summon Forest            Summ/Tloc      Unusable   N/A       N/A         5
 Summon Hydra             Summ           Unusable   N/A       N/A         7

Dungeon Overview and Level Annotations

Branches:
Dungeon (11/15)            Temple (1/1) D:4            Lair (3/6) D:11
  Snake (0/4) Lair:2          Orc (0/2) D:11
  Swamp: Lair:2-4    Shoals: Lair:2-4

Altars:
Ashenzari
Cheibriados
Dithmenos
Elyvilon
Fedhas
Gozag
Hepliaklqana
Kikubaaqudgha
Makhleb
Nemelex Xobeh
Okawaru
Qazlal
Ru
Sif Muna
Trog
Uskayaw
Vehumet
Wu Jian
Xom
Yredelemnul
Zin
The Shining One

Shops:
D:4 (   D:6 (   D:9 *   D:11 *

Portals:
Trove: D:10 (lose all piety)

Annotations:
D:9 2 runed translucent doors
Lair:3 3 runed translucent doors, 1 transporter, Nergalle


Innate Abilities, Weirdness & Mutations

You have a pair of horns on your head.
You reflexively headbutt those who attack you in melee.


Message History

The spectral orc warlord hits you.
* * * LOW HITPOINT WARNING * * *
Nergalle hits you but does no damage.
The spectral orc knight closely misses you.
You furiously retaliate!
You headbutt the spectral orc knight.
The spectral orc warlord completely misses you.
Shoot: a) +7 hand crossbow (vorpal)
Press: ? - help, Q - select action, (/) - cycle Shift-Dir - straight line, f/p - Nergalle
Aim: Nergalle, wielding a +0 dagger and wearing a +0 robe (severely wounded, 76% to hit)
You shoot a bolt. The bolt closely misses Nergalle.
Nergalle hits you but does no damage.
The spectral orc knight closely misses you.
The spectral orc warlord completely misses you.
You furiously retaliate!
You headbutt the spectral orc warlord.
Shoot: a) +7 hand crossbow (vorpal)
Press: ? - help, Q - select action, (/) - cycle Shift-Dir - straight line, f/p - Nergalle
Aim: Nergalle, wielding a +0 dagger and wearing a +0 robe (severely wounded, 76% to hit)
You shoot a bolt. The bolt hits Nergalle.
Nergalle is severely wounded.
The spectral orc warlord hits you but does no damage.
Nergalle gestures at you while chanting.
The bolt of negative energy hits you!
You feel drained.
* * * LOW HITPOINT WARNING * * *
The bolt of negative energy hits the spectral orc knight.
The spectral orc knight completely resists.
You feel better.
The spectral orc knight closely misses you.
You furiously retaliate!
You headbutt the spectral orc knight, but do no damage.
The spectral orc warlord hits you!
* * * LOW HITPOINT WARNING * * *
Shoot: a) +7 hand crossbow (vorpal)
Press: ? - help, Q - select action, (/) - cycle Shift-Dir - straight line, f/p - Nergalle
Aim: Nergalle, wielding a +0 dagger and wearing a +0 robe (severely wounded, 76% to hit)
You shoot a bolt.
The bolt hits Nergalle but does no damage.
Nergalle is severely wounded.
Nergalle hits you but does no damage.
The spectral orc knight hits you with a +0 dire flail.
You die...

##.#...#.##.....#..##
#.#.......##........#
...........######..##
###### #...# #♣#w#
##..# §#### #†.##
#[[#. #..P#
+(©#©.##...#
#!=#..o@Z.##
####..Z...#
#.........#
#.........#
..........#
...........
.........##.
........## ##


You could see Nergalle, a spectral orc knight (summoned) and a spectral orc
warlord (summoned, fast).

Vanquished Creatures
  A hydra (Lair:2)
  2 boulder beetles
  A centaur warrior (D:10)
  6 two-headed ogres
  Erica (D:8)
  A tengu warrior (D:10)
  A death yak (Lair:3)
  Urug (Lair:2)
  A deep elf pyromancer (D:9)
  3 manticores (D:10)
  A cyclops (D:10)
  4 elephants (Lair:3)
  6 black mambas (Lair:2)
  3 cane toads
  2 gargoyles
  Maggie (D:9)
  5 kobold demonologists (D:10)
  An unseen horror (D:11)
  3 komodo dragons
  5 trolls
  Grinder (D:3)
  Sigmund (D:5)
  A shadow (D:10)
  6 yaks
  2 wyverns
  A wraith (D:9)
  2 steam dragons (D:7)
  4 vampire mosquitoes (D:11)
  5 acid dragons
  10 water moccasins
  A sky beast (D:5)
  2 orc warriors
  4 ogres
  2 centaurs (D:9)
  A phantom (D:7)
  5 kobold brigands
  Blork the orc (D:6)
  4 gnoll sergeants
  11 bullfrogs
  7 scorpions
  12 wights
  13 killer bees
  6 howler monkeys
  2 hounds (D:7)
  3 orc priests
  Crazy Yiuf (D:5)
  An iron imp (D:8)
  4 iguanas
  10 orc wizards
  14 gnolls
  13 adders
  2 shadow imps
  2 white imps
  3 ufetubi
  A dart slug (D:2)
  23 orcs
  8 ball pythons
  7 endoplasms
  3 giant cockroaches
  4 goblins
  3 hobgoblins
  3 jackals (D:5)
  2 quokkas
  5 bats
  A frilled lizard (D:1)
  14 kobolds
  5 rats
285 creatures vanquished.

Vanquished Creatures (others)
  18 fungi
  5 plants
23 creatures vanquished.

Grand Total: 308 creatures vanquished

Notes
Turn   | Place    | Note
-------+----------+-------------------------------------------
     0 | D:1      | HoaS the Minotaur Hunter began the quest for the Orb.
     0 | D:1      | Reached XP level 1. HP: 18/18 MP: 0/0
   108 | D:1      | Reached skill level 5 in Crossbows
   108 | D:1      | Reached XP level 2. HP: 25/25 MP: 1/1
   214 | D:1      | Found a faded altar of an unknown god.
   434 | D:1      | Reached XP level 3. HP: 30/30 MP: 2/2
  1147 | D:2      | Noticed an ogre
  1189 | D:3      | Found an ornate altar of the Wu Jian Council.
  1211 | D:3      | Reached skill level 6 in Crossbows
  1219 | D:3      | Noticed Grinder
  1704 | D:3      | Reached XP level 4. HP: 37/37 MP: 3/3
  1861 | D:3      | Found a radiant altar of Vehumet.
  2020 | D:3      | Reached skill level 7 in Crossbows
  2020 | D:3      | Reached XP level 5. HP: 42/42 MP: 4/4
  2138 | D:2      | Killed an ogre
  2267 | D:3      | Paralysed by Grinder for 7 turns
  2283 | D:3      | Killed Grinder
  2284 | D:3      | Reached skill level 8 in Crossbows
  2284 | D:3      | Reached XP level 6. HP: 21/50 MP: 5/5
  2535 | D:3      | Reached skill level 9 in Crossbows
  2540 | D:4      | Reached XP level 7. HP: 50/56 MP: 6/6
  2924 | D:4      | Found a staircase to the Ecumenical Temple.
  2953 | Temple   | Entered the Ecumenical Temple
  3064 | Temple   | Became a worshipper of Warmaster Okawaru
  3103 | D:4      | Found Leehafopog's Weapon Shop.
  3261 | D:5      | Entered Level 5 of the Dungeon
  3314 | D:5      | Reached skill level 10 in Crossbows
  3314 | D:5      | Noticed Sigmund
  3599 | D:5      | Killed Sigmund
  3600 | D:5      | Reached skill level 1 in Armour
  3600 | D:5      | Reached skill level 1 in Invocations
  3640 | D:5      | Reached * piety under Okawaru
  3641 | D:5      | Reached XP level 8. HP: 51/66 MP: 6/8
  3883 | D:5      | Identified a scroll of acquirement
  3883 | D:5      | Acquired 476 gold pieces
  4042 | D:5      | Reached skill level 5 in Fighting
  4104 | D:5      | Found a hide-covered altar of Uskayaw.
  4452 | D:5      | Found a runed translucent door.
  4453 | D:5      | Noticed Crazy Yiuf
  4460 | D:5      | Killed Crazy Yiuf
  4585 | D:6      | Noticed Blork the orc
  4591 | D:6      | Killed Blork the orc
  4998 | D:6      | Found Moxzeat's Antique Weapon Emporium.
  5005 | D:6      | Bought a slimy triple crossbow for 345 gold pieces
  5005 | D:6      | Identified the +5 triple crossbow "Vasol" {flame, rC- Int+5
                  | Stlth+} (You bought it in a shop on level 6 of the Dungeon)
  5176 | D:6      | Found a hazy altar of Hepliaklqana.
  5335 | D:6      | Reached ** piety under Okawaru
  5379 | D:6      | Reached XP level 9. HP: 79/79 MP: 10/10
  5564 | D:7      | Reached skill level 5 in Dodging
  5622 | D:7      | Reached skill level 5 in Armour
  5669 | D:7      | Noticed a komodo dragon
  5996 | D:7      | Killed a komodo dragon
  5996 | D:7      | Reached *** piety under Okawaru
  6839 | D:8      | Noticed Erica
  6848 | D:8      | Killed Erica
  6848 | D:8      | Received a gift from Okawaru
  6848 | D:8      | Reached **** piety under Okawaru
  6849 | D:8      | Reached skill level 10 in Fighting
  6849 | D:8      | Reached XP level 10. HP: 62/93 MP: 11/11
  7218 | D:8      | Found a burning altar of Makhleb.
  8018 | D:9      | Noticed a deep elf pyromancer
  8022 | D:9      | Killed a deep elf pyromancer
  8022 | D:9      | Received a gift from Okawaru
  8185 | D:9      | Found Zipsesm's Overcharged Wands.
  8537 | D:9      | Found a runed translucent door.
  8538 | D:9      | Found a runed translucent door.
  8538 | D:9      | Noticed an eight-headed hydra
  8860 | D:10     | Entered Level 10 of the Dungeon
  8866 | D:10     | Noticed Maggie
  8868 | D:10     | Noticed a two-headed ogre
  8886 | D:9      | Reached skill level 5 in Invocations
  9048 | D:9      | Killed a two-headed ogre
  9048 | D:9      | Received a gift from Okawaru
  9048 | D:9      | Reached ***** piety under Okawaru
  9145 | D:10     | Noticed a gargoyle
  9158 | D:9      | Killed Maggie
  9321 | D:10     | Reached XP level 11. HP: 99/99 MP: 14/14
  9348 | D:10     | Noticed a two-headed ogre
  9355 | D:10     | Killed a two-headed ogre
  9381 | D:10     | Received a gift from Okawaru
  9382 | D:10     | Noticed a two-headed ogre
  9389 | D:10     | Killed a two-headed ogre
  9399 | D:10     | Noticed a centaur warrior
  9409 | D:10     | Noticed a two-headed ogre
  9413 | D:10     | Noticed a two-headed ogre
  9417 | D:10     | Killed a centaur warrior
  9418 | D:10     | Reached skill level 10 in Armour
  9421 | D:10     | Killed a two-headed ogre
  9429 | D:10     | Reached skill level 10 in Dodging
  9436 | D:10     | Killed a two-headed ogre
  9436 | D:10     | Received a gift from Okawaru
  9451 | D:10     | Identified the +8 trident of True Grit {venom, *Rage rN+++
                  | Dex-5 SInv}
  9466 | D:10     | Noticed a tengu warrior
  9486 | D:10     | Killed a tengu warrior
  9626 | D:10     | Reached skill level 10 in Invocations
  9855 | D:10     | Found a portal to a secret trove of treasure.
  9928 | D:10     | Noticed a two-headed ogre
  9931 | D:10     | Killed a two-headed ogre
  9933 | D:10     | Received a gift from Okawaru
  9937 | D:10     | Reached XP level 12. HP: 106/106 MP: 18/18
 10075 | D:10     | Found a sparkling altar of Nemelex Xobeh.
 10118 | D:10     | Reached skill level 11 in Crossbows
 10227 | D:10     | Acquired 497 gold pieces
 10395 | D:11     | Noticed a boulder beetle
 10446 | D:11     | Killed a boulder beetle
 10447 | D:11     | Reached skill level 12 in Crossbows
 10728 | D:11     | Found Isu Lina's Gadget Gallery.
 10893 | D:11     | Found a staircase to the Orcish Mines.
 10901 | D:11     | Found a staircase to the Lair.
 11106 | Lair:1   | Entered Level 1 of the Lair of Beasts
 11272 | Lair:1   | Received a gift from Okawaru
 11274 | Lair:1   | Reached skill level 13 in Crossbows
 12054 | Lair:2   | Noticed a four-headed hydra
 12057 | Lair:2   | Killed a four-headed hydra
 12057 | Lair:2   | Reached ****** piety under Okawaru
 12057 | Lair:2   | Received a gift from Okawaru
 12057 | Lair:2   | Noticed Urug
 12061 | Lair:2   | Killed Urug
 12202 | Lair:2   | Reached skill level 14 in Crossbows
 12317 | Lair:2   | Noticed a boulder beetle
 12324 | Lair:2   | Killed a boulder beetle
 12483 | Lair:2   | Found a staircase to the Snake Pit.
 12954 | Lair:3   | Reached skill level 15 in Crossbows
 12998 | Lair:3   | Received a gift from Okawaru
 12999 | Lair:3   | Found the +6 arbalest "Damnation" {damnation}
 13003 | Lair:3   | Found a runed translucent gate.
 13014 | Lair:3   | Found a runed translucent gate.
 13014 | Lair:3   | Found a runed translucent gate.
 13016 | Lair:3   | Noticed a death yak
 13017 | Lair:3   | Reached XP level 13. HP: 113/113 MP: 19/19
 13042 | Lair:3   | Found a transporter.
 13044 | Lair:3   | Noticed Nergalle
 13065 | Lair:3   | HP: 4/89 [Nergalle/bolt of negative energy (16)]
 13067 | Lair:3   | Slain by a spectral orc knight

Illustrated notes

Levels and vault maps discovered:
D:1:      lightli_arrival_flooded_house, layout_loops_ring,
          hellmonk_ecumenical_altar_leap_of_faith, kennysheep_decorative_pillar
D:2:      layout_basic
D:3:      layout_basic, nzn_wu_jian_council_hall, fiery_altar_vehumet,
          uniq_grinder
D:4:      layout_cave_pools, minmay_temple_entry_proselytizer, serial_shops,
          nicolae_shop_trees
D:5:      layout_rooms, general_overflow_altar, sigmund_army, uniq_sigmund,
          uniq_crazy_yiuf_cottage
D:6:      old_forge, layout_basic, kennysheep_little_box, serial_shops,
          nicolae_shop_competitors_out_of_business, minmay_misc_feat_chi,
          chequers_garden, uniq_blork_the_orc
D:7:      layout_basic
D:8:      layout_layer_cave, makhleb_grotto_becter, minmay_misc_feat_x,
          uniq_erica
D:9:      minmay_the_grid_triangle_9x9_rhombus_full
          [minmay_the_grid_triangle_9x9_alien,
          minmay_the_grid_triangle_9x9_descending_squares,
          minmay_the_grid_triangle_9x9_swiss_cheese,
          minmay_the_grid_triangle_9x9_tough_junction,
          minmay_the_grid_triangle_9x9_negative_grid,
          minmay_the_grid_triangle_9x9_subtriangle,
          minmay_the_grid_triangle_9x9_longest,
          minmay_the_grid_triangle_9x9_prize_schism], layout_basic,
          serial_curves, eino_curves_02, eino_curves_02,
          nicolae_shop_overcharged_wands
D:10:     minmay_imperfect_grid, layout_basic, nemelex_altar_shiori,
          enter_trove_6, uniq_maggie
D:11:     layout_basic, lair_entry_dummy, orc_0_dummy, hangedman_decor_push,
          nicolae_benzene_ring, grunt_ministairs_13, dk_vineyard_3,
          nicolae_shop_gadgets
Temple:   compressed_dpeg_circular_temple
Lair:1:   layout_cave_pods, grunt_megastairs_4
Lair:2:   layout_regular_city, minmay_snake_entry_six_corridors,
          lemuel_fruit_tree, grunt_megastairs_1, uniq_urug
Lair:3:   gammafunk_worm_tunnel, layout_cave_pods, gammafunk_ghost_necromancy,
          uniq_nergalle

Skill      XL: |  1  2  3  4  5  6  7  8  9 10 11 12 |
---------------+-------------------------------------+-----
Crossbows      | 5 6 7 8 9 10 15 | 15.6
Fighting       | 4 7 10 | 10.0
Armour         | 2 4 6 9 10 | 10.0
Invocations    | 1 3 6 10 | 10.0
Dodging        | 3 4 6 8 10 | 10.0
Stealth        | |  0.7

Action                   |  1- 3 |  4- 6 |  7- 9 | 10-12 | 13-15 || total
-------------------------+-------+-------+-------+-------+-------++-------
Melee: Unarmed           |       |       |     4 |       |       ||     4
       Punch             |       |       |     2 |       |       ||     2
       Headbutt          |       |       |     1 |       |       ||     1
 Fire: Hand crossbow     |    83 |    67 |   330 |   368 |    17 ||   865
       Triple crossbow   |       |       |       |   138 |       ||   138
       Arbalest          |       |       |       |     2 |    10 ||    12
Invok: Heroism           |       |       |       |     5 |       ||     5
       Finesse           |       |       |       |     4 |       ||     4
  Use: Scroll            |     6 |       |    11 |    14 |       ||    31
       Potion            |       |     1 |       |     5 |     3 ||     9
Armor: Leather armour    |     8 |       |    22 |       |       ||    30
       Ring mail         |     1 |    16 |       |       |       ||    17
       Steam dragon scal |       |       |     7 |    21 |       ||    28
       Acid dragon scale |       |       |       |   143 |    14 ||   157
Dodge: Dodged            |     9 |    17 |    63 |   437 |    28 ||   554

Table legend: (Time is in decaauts)
 A = Elapsed time spent in this place.
 B = Non-inter-level travel time spent in this place.
 C = Inter-level travel time spent in this place.
 D = Time resting spent in this place.
 E = Time spent auto-exploring this place.
 F = Levels seen in this place.
 G = Mean time per level.
                   A        B        C        D        E       F      G
               +--------+--------+--------+--------+--------+-----+--------+
         Total |  13176 |  12172 |   1004 |   1525 |   8447 |  15 |  878.4 |
       Dungeon |  11015 |  10103 |    912 |   1427 |   6808 |  11 | 1001.4 |
        Temple |    141 |    111 |     30 |      0 |     78 |   1 |  141.0 |
          Lair |   2018 |   1956 |     62 |     98 |   1561 |   3 |  672.7 |
               +--------+--------+--------+--------+--------+-----+--------+

Top non-repeatable levels by time:
     D:9: 1406 daAuts
     D:8: 1364 daAuts
     D:3: 1071 daAuts
    D:10: 1032 daAuts
     D:7: 1019 daAuts
  Lair:2: 940 daAuts
     D:6: 934 daAuts
     D:2: 914 daAuts
  Lair:1: 912 daAuts
     D:4: 887 daAuts
    D:11: 839 daAuts
     D:5: 798 daAuts
     D:1: 746 daAuts
  Lair:3: 166 daAuts
  Temple: 141 daAuts
